 Dungeon Crawl Stone Soup version 0.32-a0-391-gce5c0aab1b (webtiles) character file.

Game seed: 11109476960872759124

77 ezpacito the Chopper (level 4, 0/33 HPs)
             Began as a Demonspawn Gladiator on Feb 19, 2024.
             Slain by Sigmund
             ... wielding a +0 scythe
              (10 damage)
             ... on level 2 of the Dungeon.
             The game lasted 00:02:11 (1120 turns).

ezpacito the Chopper (Demonspawn Gladiator)         Turns: 1120, Time: 00:02:12

Health: 0/33       AC:  7    Str: 16    XL:     4   Next: 14%
Magic:  5/5        EV: 10    Int:  9    God:
Gold:   72         SH:  0    Dex: 14    Spells: 5/5 levels left

rFire   + . .        a - +0 war axe
rCold   + . .        (no shield)
rNeg    . . .        l - +0 scale mail
rPois   +            c - +0 helmet
rElec   +            (no cloak)
rCorr   +            (no gloves)
SInv    .            (no boots)
Will    .....        (no amulet) Stlth
                     (no ring)
HPRegen 0.25/turn    (no ring)
MPRegen 0.09/turn

%: no passive effects
@: mighty, resistant, attractive
A: claws 1, foul stench 1
a: no special abilities


You were on level 2 of the Dungeon.
You visited 1 branch of the dungeon, and saw 2 of its levels.

You collected 72 gold pieces.

Inventory:

Hand Weapons
 a - a +0 war axe (weapon)
Missiles
 d - 3 throwing nets (quivered)
 e - a javelin
Armour
 b - a +0 leather armour
 c - a +0 helmet (worn)
 l - a +0 scale mail (worn)
Talismans
 n - a beast talisman
Scrolls
 f - a scroll of vulnerability {unknown}
 g - a scroll of teleportation {unknown}
 k - a scroll of revelation {unknown}


   Skills:
 + Level 2.1 Fighting
 * Level 3.6 Axes
 + Level 2.0 Throwing
 * Level 0.2 Armour
 + Level 2.9 Dodging
 * Level 0.7 Stealth
 * Level 0.6 Unarmed Combat
 * Level 1.1 Spellcasting


You had 5 spell levels left.
You didn't know any spells.
Your spell library was empty.

Dungeon Overview and Level Annotations

Branches:
Dungeon (2/15)

Altars:

Annotations:
D:2 Sigmund


Innate Abilities, Weirdness & Mutations

You have sharp fingernails.
You may rarely emit foul miasma when damaged in melee.


Message History

The endoplasm quivers.
The frilled lizard bites you but does no damage.
You hear some strange, mumbled words.
You are confused.
The frilled lizard closely misses you.
You feel much better. Something hits you.
The frilled lizard bites you but does no damage.
The endoplasm closely misses you.
You closely miss the frilled lizard. You closely miss something.
You closely miss the endoplasm.
You hear some strange, mumbled words.
You are more confused.
The frilled lizard bites you but does no damage.
The endoplasm hits you.
You bump into the rock wall.
Something hits you but does no damage.
The endoplasm hits you but does no damage.
The frilled lizard bites you but does no damage.
You closely miss something. You slash the endoplasm!
You kill the endoplasm!
You miss the frilled lizard. The frilled lizard barely misses you.
Something hits you but does no damage.
You see here a quokka corpse.
You closely miss something. You completely miss the frilled lizard.
The frilled lizard completely misses you.
Something hits you!
The frilled lizard bites you but does no damage.
You barely miss something. You miss the frilled lizard.
You hear some strange, mumbled words.
A puff of flame appears from out of thin air!
The puff of flame hits you! The frilled lizard bites you.
Something hits you but does no damage.
It was a potion of resistance.
You feel protected. The frilled lizard closely misses you.
You completely miss something. You closely miss the frilled lizard.
You feel less confused.
An adder comes into view.
The frilled lizard bites you but does no damage.
Something hits you!
You die...

######.#.. . #.. .....
.# #.####.#### ######.##
###.........# #....?...
............# #........
..†.......S.## #........
###††........###†.......
#.............l{......
#.........####@.......
#.........# #......##
#.........# #......#J
#.........# #......#?
#.........# #......#(
########### #####..##
.... ...


You could see an adder (wandering), an endoplasm and a frilled lizard.

Vanquished Creatures
  2 ribbon worms (D:2)
  2 dart slugs
  4 endoplasms
  5 goblins
  3 hobgoblins
  4 jackals (D:1)
  4 quokkas
  3 ball pythons (D:2)
  6 bats
  A frilled lizard (D:1)
  2 kobolds
  2 rats
38 creatures vanquished.

Notes
Turn   | Place    | Note
-------+----------+-------------------------------------------
     0 | D:1      | ezpacito the Demonspawn Gladiator began the quest for the
                  | Orb.
     0 | D:1      | Reached XP level 1. HP: 16/16 MP: 1/1
   208 | D:1      | Reached skill level 3 in Axes
   208 | D:1      | Gained mutation: You have sharp fingernails. [demonic
                  | ancestry]
   208 | D:1      | Reached XP level 2. HP: 6/22 MP: 2/2
   598 | D:1      | Reached XP level 3. HP: 27/27 MP: 4/4
   962 | D:2      | Reached skill level 1 in Spellcasting
  1071 | D:2      | Gained mutation: You may rarely emit foul miasma when
                  | damaged in melee. [demonic ancestry]
  1071 | D:2      | Reached XP level 4. HP: 29/33 MP: 5/5
  1106 | D:2      | Noticed Sigmund
  1120 | D:2      | Slain by Sigmund

Illustrated notes

Levels and vault maps discovered:
D:1:      matt_arrival_los_fun, layout_basic
D:2:      layout_rooms, due_unseen_surprise, uniq_sigmund

Skill      XL: |  1  2  3 |
---------------+----------+-----
Axes           | 3 |  3.6
Throwing       | 2 |  2.0
Spellcasting   | 1 |  1.1
Fighting       | |  2.1
Armour         | |  0.2
Dodging        | |  2.9
Stealth        | |  0.7
Unarmed Combat | |  0.6

Action                     |  1- 3 |  4- 6 || total
---------------------------+-------+-------++-------
  Melee: War axe           |    73 |    18 ||    91
    Use: Potion            |       |     5 ||     5
 Armour: Leather armour    |    31 |       ||    31
         Scale mail        |    23 |    30 ||    53
  Dodge: Dodged            |    63 |     7 ||    70

Table legend: (Time is in decaauts)
 A = Elapsed time spent in this place.
 B = Non-inter-level travel time spent in this place.
 C = Inter-level travel time spent in this place.
 D = Time resting spent in this place.
 E = Time spent auto-exploring this place.
 F = Levels seen in this place.
 G = Mean time per level.
                   A        B        C        D        E       F      G
               +--------+--------+--------+--------+--------+-----+--------+
         Total |   1149 |   1103 |     46 |     12 |    819 |   2 |  574.5 |
       Dungeon |   1149 |   1103 |     46 |     12 |    819 |   2 |  574.5 |
               +--------+--------+--------+--------+--------+-----+--------+

Top non-repeatable levels by time:
     D:1: 899 daAuts
     D:2: 250 daAuts
